Map: Thunderbird LE

Players

SsuMday - Winner!

  • Race: Terran Terran
  • League: Grandmaster
  • Spawn Location: 5:00

llllllllllll

  • Race: Zerg Zerg
  • League: Master
  • Spawn Location: 11:00

VOD

Have the link to the VOD?

Description

Time

  • Played on: Aug. 6, 2019, 8:30 p.m.
  • Length: 17:16
Show
View Real Time Build Order
Export as new Build Order

SsuMday Terran - Winner!

Build Orders: Gas First Reaper Expand, Hellion Opening, Mech 

Get SALT Encoding   

  12  0:01  SCV  
  13  0:13  SCV  
  14  0:17  Supply Depot  
  14  0:25  SCV  
  14  0:28  Refinery  
  15  0:38  SCV  
  16  0:44  Barracks  
  16  0:50  SCV  
  17  1:02  SCV  
  18  1:14  SCV  
  19  1:34  Reaper  
  19  1:35  Orbital Command  
  20  1:45  Command Center  
  20  1:59  Factory  
  20  2:01  SCV  
  21  2:06  Barracks Reactor  
  21  2:13  SCV  
  22  2:18  Supply Depot  
  22  2:25  SCV  
  23  2:40  SCV  
  28  2:51  Hellion x2  
  28  2:52  SCV  
  29  2:59  Orbital Command  
  29  3:04  SCV  
  30  3:11  Command Center  
  30  3:16  Hellion, SCV  
  30  3:18  Hellion  
  35  3:33  SCV x2  
  37  3:38  Hellion  
  37  3:39  Hellion  
  41  3:43  Barracks Tech Lab, Starport  
  41  3:45  SCV x2  
  41  3:48  Refinery  
  43  3:54  Supply Depot  
  43  3:57  Supply Depot  
  43  4:01  SCV x2  
  45  4:13  SCV  
  45  4:16  Hellion x2, SCV  
  51  4:22  Supply Depot  
  51  4:23  Supply Depot  
  51  4:25  Orbital Command  
  51  4:30  Viking  
  53  4:31  SCV x2  
  55  4:42  Hellion x2  
  55  4:44  SCV x2  
  61  4:49  Refinery  
  61  4:50  Refinery  
  61  4:53  Supply Depot x2  
  61  4:55  Orbital Command  
  61  4:56  SCV  
  62  5:07  SCV  
  62  5:08  SCV  
  62  5:11  Starport Reactor  
  62  5:13  Hellion x2  
  68  5:19  Armory  
  68  5:20  Armory  
  68  5:29  Factory  
  68  5:31  Factory, SCV x2  
  68  5:32  SCV  
  71  5:40  Liberator x2  
  71  5:46  SCV x3  
  65  5:56  Hellion x2  
  71  6:06  SCV x3  
  71  6:07  Terran Vehicle Weapons Level 1  
  71  6:08  Terran Vehicle And Ship Armor Level 1  
  66  6:14  Factory Tech Lab  
  66  6:18  SCV x3  
  69  6:19  Thor  
  69  6:25  Refinery  
  75  6:26  Refinery  
  75  6:28  Engineering Bay  
  75  6:30  SCV x3  
  78  6:33  Hellion x2  
  82  6:40  Thor  
  82  6:42  SCV x3  
  91  6:54  SCV x3  
  91  6:55  Hellion x2  
  91  6:59  Missile Turret  
  91  7:01  Missile Turret  
  98  7:06  SCV x3, Command Center  
  101  7:10  Siege Tank  
  104  7:16  Hellion  
  104  7:18  Hellion  
  104  7:20  SCV  
  109  7:23  Supply Depot  
  109  7:27  Supply Depot  
  109  7:34  Siege Tank  
  109  7:39  Factory  
  109  7:41  Factory  
  109  7:45  Hellion, SCV x2  
  109  7:50  Supply Depot  
  113  7:54  Supply Depot  
  113  7:55  Infernal Pre-Igniter  
  113  7:56  Supply Depot x2, Viking x2  
  113  7:58  SCV x3  
  120  8:08  Terran Vehicle Weapons Level 2, Siege Tank, Hellion  
  120  8:09  Terran Vehicle And Ship Armor Level 2  
  120  8:11  Siege Tank  
  120  8:12  Hellion  
  130  8:24  Starport  
  130  8:26  Factory Tech Lab x2  
  130  8:35  Hellion x2  
  130  8:38  Viking  
  130  8:40  Siege Tank  
  139  8:43  Siege Tank  
  142  8:51  Refinery  
  142  8:52  Siege Tank x2  
  142  8:53  Missile Turret  
  142  8:55  SCV x2, Missile Turret, Refinery  
  148  8:56  Hellion x2, Missile Turret x2  
  148  9:00  Planetary Fortress  
  154  9:09  SCV x3  
  157  9:20  Starport Reactor  
  157  9:21  SCV, Starport  
  158  9:30  Thor  
  164  9:31  Viking x2  
  164  9:34  Supply Depot x2  
  164  9:35  Supply Depot  
  166  9:44  Siege Tank x2  
  172  9:48  Supply Depot x2  
  172  9:53  Command Center  
  172  9:56  Hellion x2  
  170  10:07  Viking x5  
  170  10:11  Siege Tank  
  170  10:13  Siege Tank  
  170  10:17  Hellion x2  
  170  10:20  SCV x3  
  170  10:21  SCV  
  178  10:32  SCV  
  179  10:37  Terran Vehicle And Ship Armor Level 3, Terran Vehicle Weapons Level 3  
  179  10:45  Siege Tank x2, Hellion x2  
  179  10:46  Hellion  
  191  10:54  Siege Tank  
  194  11:01  Missile Turret x2  
  194  11:03  Sensor Tower  
  194  11:07  Hellion x2  
  198  11:12  Hellion  
  197  11:38  Siege Tank x2, Hellion x3, Viking x3  
  197  11:39  Viking x2  
  160  11:55  Command Center  
  158  12:08  Viking x4  
  158  12:09  Viking  
  158  12:11  Siege Tank x2, Hellion x3  
  162  12:16  Siege Tank  
  162  12:17  Planetary Fortress  
  162  12:20  SCV x4  
  145  12:32  Hellion  
  145  12:33  Siege Tank, Hellion  
  145  12:34  SCV  
  145  12:35  SCV x3  
  156  12:43  Siege Tank x2  
  162  12:48  Hi-Sec Auto Tracking, Hellion  
  162  12:49  Starport Tech Lab  
  164  12:54  Hellion  
  164  12:56  Missile Turret  
  164  12:57  Hellion  
  168  12:59  Refinery  
  168  13:00  Missile Turret, Refinery  
  168  13:03  Factory  
  168  13:04  Factory  
  168  13:05  Factory, Siege Tank  
  171  13:09  Siege Tank  
  171  13:11  Orbital Command  
  174  13:14  Terran Ship Weapons Level 1  
  174  13:15  Hellion  
  174  13:19  Missile Turret  
  168  13:36  Siege Tank x2, Hellion x2  
  178  13:47  Siege Tank x2  
  188  13:48  Factory Tech Lab  
  188  13:49  Factory Tech Lab x2  
  184  13:57  Command Center  
  184  14:08  Thor x2  
  185  14:18  Viking x5  
  185  14:23  Siege Tank x2  
  177  14:24  Hellion x2, Thor x2  
  174  14:44  Missile Turret x3  
  174  14:45  Missile Turret  
  174  14:49  Liberator x4, Missile Turret, Sensor Tower  
  174  14:50  Siege Tank, Hellion  
  174  14:51  Siege Tank, Hellion x2  
  198  15:08  Viking  
  198  15:11  Orbital Command  
  200  15:18  Refinery  
  200  15:20  Refinery  
  192  15:26  Siege Tank x2, Hellion x2  
  192  15:27  Hellion  
  199  15:49  Command Center  
  199  15:50  Command Center  
  194  16:18  Siege Tank  
  194  16:19  Siege Tank x2, Hellion  
  194  16:20  Hellion  
  185  16:27  Siege Tank  
  185  16:28  Siege Tank, Hellion x2  
  172  16:35  Viking  
  172  16:36  Viking x4  
  173  16:40  Hellion  
  175  16:48  Hellion  
  175  16:52  SCV, Hellion  
  175  16:53  SCV x4  
Show
View Real Time Build Order
Export as new Build Order

llllllllllll Zerg 

Build Orders: Hatch First, Brood Lord Corruptor 

Get SALT Encoding   

  12  0:01  Drone  
  13  0:12  Overlord  
  13  0:16  Drone  
  14  0:31  Drone  
  14  0:32  Drone  
  16  0:48  Hatchery  
  15  0:52  Drone  
  16  0:57  Drone  
  16  0:59  Drone  
  18  1:11  Extractor  
  18  1:14  Spawning Pool  
  18  1:16  Drone  
  17  1:21  Drone  
  18  1:36  Drone  
  19  1:41  Drone  
  20  1:47  Hatchery  
  20  1:51  Drone  
  20  2:00  Queen  
  22  2:05  Drone  
  23  2:09  Drone  
  23  2:13  Zergling x2  
  23  2:15  Zergling x2  
  26  2:23  Metabolic Boost  
  26  2:25  Overlord  
  26  2:29  Drone  
  27  2:33  Drone  
  28  2:44  Queen  
  28  2:49  Drone x2  
  28  2:50  Drone  
  33  2:51  Queen  
  33  2:57  Drone  
  36  3:00  Queen  
  38  3:08  Drone x2  
  38  3:10  Drone  
  38  3:11  Drone  
  42  3:19  Overlord  
  42  3:21  Overlord  
  42  3:26  Extractor  
  41  3:29  Extractor  
  42  3:45  Drone x11  
  53  3:55  Drone  
  53  3:56  Drone x3  
  53  4:02  Overlord x2  
  57  4:04  Queen  
  55  4:10  Overlord  
  55  4:15  Zergling x6  
  58  4:20  Queen, Overlord  
  58  4:21  Overlord  
  58  4:22  Zergling x8  
  64  4:31  Drone  
  64  4:32  Drone x3  
  64  4:33  Evolution Chamber  
  64  4:34  Evolution Chamber  
  66  4:46  Spore Crawler  
  66  4:47  Spore Crawler  
  66  4:52  Drone x3  
  67  4:53  Drone x4  
  67  4:56  Queen  
  67  4:58  Queen  
  75  5:02  Spore Crawler  
  75  5:05  Zerg Ground Armor Level 1, Zerg Melee Weapons Level 1  
  75  5:06  Drone x3  
  77  5:12  Drone x4  
  81  5:16  Extractor  
  81  5:17  Extractor  
  79  5:22  Lair  
  79  5:30  Hatchery, Drone x6  
  84  5:36  Overlord x2  
  84  5:37  Extractor  
  81  5:44  Zergling x12  
  78  5:54  Drone x2  
  78  6:03  Drone x3  
  79  6:20  Drone x2  
  79  6:22  Extractor  
  79  6:24  Drone  
  81  6:25  Hydralisk Den  
  81  6:27  Baneling Nest, Drone x3  
  81  6:30  Overseer  
  82  6:35  Drone x4  
  86  6:40  Drone x2  
  86  6:41  Hatchery, Extractor  
  86  6:48  Queen, Drone x6  
  94  6:55  Muscular Augments  
  94  7:00  Drone x2  
  96  7:01  Infestation Pit  
  96  7:02  Hydralisk x5  
  96  7:05  Overlord x3  
  105  7:09  Overlord  
  105  7:14  Overlord x2  
  105  7:17  Centrifical Hooks  
  100  7:38  Drone  
  100  7:39  Drone x3  
  100  7:40  Drone x11  
  100  7:41  Drone x2  
  100  7:42  Extractor  
  100  7:43  Extractor  
  115  7:47  Hive  
  115  7:50  Hydralisk x6  
  127  8:09  Hydralisk x6  
  139  8:15  Hatchery  
  139  8:18  Hydralisk x5  
  148  8:25  Spine Crawler  
  148  8:26  Spine Crawler  
  146  8:32  Queen  
  148  8:42  Overlord x2  
  148  8:43  Overlord  
  148  8:44  Baneling  
  148  8:45  Baneling x6  
  148  8:50  Grooved Spines  
  148  8:51  Spire  
  148  8:52  Zerg Missile Weapons Level 1  
  147  8:57  Zerg Melee Weapons Level 2  
  147  9:01  Overlord x3  
  145  9:13  Viper x2  
  151  9:20  Drone x8  
  151  9:22  Zergling x36  
  177  9:35  Extractor x2  
  177  9:37  Spine Crawler  
  174  9:39  Viper x2  
  174  9:40  Viper  
  183  9:54  Viper  
  178  10:10  Drone x2  
  178  10:11  Drone  
  175  10:21  Baneling  
  175  10:22  Baneling x11  
  175  10:23  Baneling x9  
  175  10:26  Greater Spire  
  175  10:30  Burrow  
  175  10:33  Hydralisk x2  
  179  10:59  Hydralisk x9  
  179  11:01  Zergling x6  
  197  11:14  Hydralisk x3  
  199  11:38  Hydralisk  
  199  11:39  Hydralisk x14  
  199  11:42  Zergling x20  
  184  11:48  Zergling x32  
  184  11:49  Adrenal Glands  
  200  11:56  Spine Crawler x2  
  175  12:19  Hatchery  
  175  12:20  Corruptor x8  
  184  12:25  Baneling x5  
  183  12:45  Hatchery  
  183  12:50  Zerg Flyer Weapons Level 1  
  182  12:53  Corruptor x2  
  182  12:54  Corruptor x2  
  190  12:59  Baneling x4  
  190  13:02  Brood Lord x2  
  194  13:09  Brood Lord  
  192  13:28  Brood Lord  
  192  13:29  Brood Lord x2  
  198  13:37  Zerg Missile Weapons Level 2  
  198  13:38  Zerg Melee Weapons Level 3  
  198  13:41  Drone  
  173  14:19  Corruptor x8  
  152  14:29  Corruptor x6  
  152  14:31  Hydralisk  
  131  14:33  Zergling x68  
  131  14:34  Zergling x10  
  166  14:49  Zerg Flyer Armor Level 1  
  166  14:55  Viper x2  
  166  14:58  Hydralisk x3  
  166  14:59  Hydralisk  
  170  15:25  Brood Lord x4  
  171  15:39  Brood Lord x2  
  175  15:43  Baneling x10  
  175  15:45  Zergling x44  
  197  15:59  Hydralisk x2  
  158  16:23  Corruptor x7  
  138  16:26  Hydralisk  
  138  16:27  Hydralisk x3  
  129  16:34  Hydralisk x3  
  129  16:39  Zergling x8  
  119  16:51  Hydralisk x5  
Tags
 
Add a new tag
Caveats
  • Supply blocks, unpowered buildings, or Contaminate may cause inaccurate times.
  • Supply counts are checked every 10 seconds.